 Dungeon Crawl Stone Soup version 0.28.0-49-g6dfe1f597d (webtiles) character file.

Game seed: 7424526941331432618

1257 issech the Ducker (level 8, -1/60 HPs)
             Began as a Gnoll Wanderer on May 18, 2022.
             Slain by a shadow (28 damage)
             ... on level 6 of the Dungeon.
             The game lasted 00:22:39 (6594 turns).

issech the Ducker (Gnoll Wanderer)                  Turns: 6594, Time: 00:22:39

Health: -1/60      AC: 11    Str: 17    XL:     8   Next: 51%
Magic:  14/14      EV: 21    Int: 23    God:
Gold:   272        SH: 21    Dex: 24    Spells: 14/15 levels left

rFire   + . .      SeeInvis .   e - +2 dagger (drain)
rCold   . . .      Faith    .   q - +6 tower shield of Compassion {Regen+}
rNeg    . . .      Spirit   .   w - +0 chain mail
rPois   .          Reflect  .   (no helmet)
rElec   .          Harm     .   b - +0 cloak
rCorr   .          Rampage  .   r - +0 pair of gloves
Will    .....                   (no boots)
Stlth   ..........              I - amulet "Ezoecsop" {Acrobat rF- Int+7 Dex+6}
HPRegen 1.00/turn               h - ring of protection from fire
MPRegen 0.14/turn               G - ring of Otissyog {rF+ Str+6 Int+3 Dex+5}

@: acrobatic
A: fangs 1, strong nose, distributed training
a: no special abilities


You were on level 6 of the Dungeon.
You visited 1 branch of the dungeon, and saw 6 of its levels.

You collected 272 gold pieces.

Inventory:

Hand Weapons
 a - a +0 mace
 e - a +2 dagger of draining (weapon)
 i - a +0 dagger of speed
 m - a +1 rapier of electrocution
 t - a +0 hunting sling
 B - a +2 dagger of draining
 C - a +0 flail
 H - a +0 long sword
 M - a +0 vampiric whip
 N - a +0 morningstar
 P - a +0 broad axe
Missiles
 d - 126 stones
 s - 6 javelins (quivered)
 u - 90 bolts
 v - 89 arrows
 y - 5 poisoned darts
 E - 2 silver boomerangs
 L - 2 boomerangs
Armour
 b - a +0 cloak (worn)
 c - a +0 robe
 q - the +6 tower shield of Compassion (worn) {Regen+}
   (You acquired it on level 5 of the Dungeon)

   Regen:     It increases your rate of health regeneration.
 r - a +0 pair of gloves (worn)
 w - a +0 chain mail (worn)
 x - a +0 scale mail
 R - a +0 leather armour of poison resistance
Jewellery
 h - a ring of protection from fire (left hand)
 G - the ring of Otissyog (right hand) {rF+ Str+6 Int+3 Dex+5}
   (You acquired it on level 5 of the Dungeon)

   [ring of strength]

   Str:       It affects your strength (+6).
   Int:       It affects your intelligence (+3).
   Dex:       It affects your dexterity (+5).
   rF:        It protects you from fire.
 I - the amulet "Ezoecsop" (around neck) {Acrobat rF- Int+7 Dex+6}
   (You acquired it on level 5 of the Dungeon)

   [amulet of the acrobat]

   It increases your evasion while moving and waiting.
   Int:       It affects your intelligence (+7).
   Dex:       It affects your dexterity (+6).
   rF:        It makes you vulnerable to fire.
Wands
 l - a wand of polymorph (3)
 O - a wand of flame (28)
Scrolls
 f - 4 scrolls of identify
 g - a scroll of fear
 n - 3 scrolls of teleportation
 p - a scroll of noise
 A - a scroll of magic mapping
 D - 2 scrolls of silence
 J - 2 scrolls of holy word
 Q - a scroll of immolation {unknown}
Potions
 j - a potion of mutation {unknown}
 k - a potion of attraction {unknown}
 o - 4 potions of flight {unknown}
 z - 2 potions of curing {unknown}
 F - a potion of might {unknown}
 K - a potion of resistance {unknown}


   Skills:
 + Level 4.2 Fighting
 + Level 3.3 Short Blades
 + Level 3.3 Long Blades
 + Level 3.3 Axes
 + Level 5.7 Maces & Flails
 + Level 3.3 Polearms
 + Level 3.3 Staves
 + Level 3.3 Slings
 + Level 3.3 Bows
 + Level 3.3 Crossbows
 + Level 3.3 Throwing
 + Level 4.2 Armour
 + Level 5.7 Dodging
 + Level 3.3 Stealth
 + Level 3.3 Shields
 + Level 3.3 Unarmed Combat
 + Level 4.4 Spellcasting
 + Level 2.7 Conjurations
 + Level 2.7 Hexes
 + Level 2.7 Summonings
 + Level 2.7 Necromancy
 + Level 2.7 Translocations
 + Level 2.7 Transmutations
 + Level 2.7 Fire Magic
 + Level 4.7 Ice Magic
 + Level 2.7 Air Magic
 + Level 2.7 Earth Magic
 + Level 2.7 Poison Magic
 + Level 3.6 Invocations
 + Level 4.2 Evocations


You had 14 spell levels left.
You knew the following spells:

 Your Spells              Type           Power      Damage    Failure   Level
a - Freeze                Ice            100%       1d11      95%         1

Your spell library contained the following spells:

 Spells                   Type           Power      Damage    Failure   Level
 Ensorcelled Hibernation  Hex/Ice        44%        N/A       99%         2
 Inner Flame              Hex/Fire       17%        N/A       100%        3
 Ozocubu's Armour         Ice            26%        N/A       100%        3
 Cause Fear               Hex            8%         N/A       100%        4
 Discord                  Hex            8%         N/A       100%        8


Dungeon Overview and Level Annotations

Branches:
Dungeon (6/15)
 Temple: D:4-7

Altars:
Ashenzari
Dithmenos
Ru
Uskayaw

Shops:
D:1 :   D:2 !

Annotations:
D:2 Sigmund


Innate Abilities, Weirdness & Mutations

You have very sharp teeth.
Your uncanny sense of smell can sniff out nearby items.
Your experience applies equally to all skills.


Message History

The shadow slips into darkness.
The shadow flickers and vanishes!
Deactivating autopickup; reactivate with Ctrl-A.
You hit something but do no damage. Your bite misses something.
The shadow strikes at you from the darkness!
Reactivating autopickup.
You hit the shadow but do no damage. You block the shadow's attack. x2
You barely miss the shadow. You block the shadow's attack.
You hit the shadow but do no damage. You bite the shadow, but do no damage.
You block the shadow's attack.
You closely miss the shadow. You bite the shadow, but do no damage.
The shadow barely misses you.
You hit the shadow but do no damage. You bite the shadow, but do no damage.
The shadow hits you.
You closely miss the shadow. The shadow hits you.
You block the shadow's attack.
You hit the shadow but do no damage. You block the shadow's attack.
You hit the shadow but do no damage.
The shadow slips into darkness.
The shadow flickers and vanishes!
Deactivating autopickup; reactivate with Ctrl-A.
You hit something but do no damage.
The shadow strikes at you from the darkness!
Reactivating autopickup.
You closely miss the shadow. You block the shadow's attack. x2
You barely miss the shadow. You block the shadow's attack.
You hit the shadow but do no damage. The shadow hits you.
You closely miss the shadow. You block the shadow's attack.
You closely miss the shadow. Your bite misses the shadow.
The shadow slips into darkness.
The shadow flickers and vanishes!
Deactivating autopickup; reactivate with Ctrl-A.
The shadow strikes at you from the darkness!
Reactivating autopickup.
You hit the shadow but do no damage.
The shadow slips into darkness.
The shadow flickers and vanishes!
Deactivating autopickup; reactivate with Ctrl-A.
The shadow strikes at you from the darkness!
You die...

... #.# #.## ≈≈≈ ≈.
#.♣♣♣♣'♣♣ .≈≈
..######## #.'......
.≈≈. ........#
#.♣.#...#
.≈≈..#.......#
#.♣.#._.# ≈≈≈≈≈#..#
#..#### #.♣.#...#
.≈≈.....# #.....#
#.'......
#..###..##.#
##♣♣♣♣'♣♣
#....@..##)# ##.#
.≈≈....########.#
#..# .≈≈.###
#####.#######.## .≈≈
#.......).....# #≈
#####.###.#####.### #
#.....##.#..###.#####
#.....##.............
###
#.....##.............
#.#
#.....##.......#.....


There were no monsters in sight!

Vanquished Creatures
  An ice beast (D:5)
  2 centaurs (D:6)
  A phantom (D:4)
  3 scorpions (D:5)
  A water moccasin skeleton (D:5)
  A howler monkey (D:4)
  3 bullfrog zombies (D:6)
  A centaur zombie (D:5)
  A jelly (D:6)
  A centaur skeleton (D:4)
  An orc priest (D:6)
  2 hounds
  A bullfrog skeleton (D:6)
  Jessica (D:3)
  3 iguanas
  An orc wizard (D:4)
  A hound skeleton (D:5)
  11 adders
  3 gnolls (D:5)
  A white imp (D:6)
  2 worms
  A dart slug (D:2)
  15 orcs
  5 ball pythons
  8 endoplasms
  3 giant cockroaches
  8 goblins
  6 hobgoblins
  5 bats
  4 frilled lizards
  2 kobolds (D:1)
  3 rats
102 creatures vanquished.

Notes
Turn   | Place    | Note
-------+----------+-------------------------------------------
     0 | D:1      | issech the Gnoll Wanderer began the quest for the Orb.
     0 | D:1      | issech set off with the following items: a +0 mace, a +0
                  | cloak, a +0 robe; and the following spell memorised:
                  | Freeze; and the following spells available to memorise:
                  | Ozocubu's Armour, Ensorcelled Hibernation
     0 | D:1      | Reached XP level 1. HP: 17/17 MP: 4/4
   162 | D:1      | Reached XP level 2. HP: 8/23 MP: 5/5
   712 | D:1      | Found a faded altar of an unknown god.
  1091 | D:1      | Found Qifyucink's Book Boutique.
  1102 | D:1      | Reached XP level 3. HP: 28/28 MP: 7/7
  1219 | D:2      | Found Tite's Distillery.
  1739 | D:2      | Reached skill level 1 in Invocations
  2037 | D:2      | Noticed Sigmund
  2444 | D:3      | Reached skill level 1 in Short Blades
  2444 | D:3      | Reached skill level 1 in Long Blades
  2444 | D:3      | Reached skill level 1 in Axes
  2444 | D:3      | Reached skill level 1 in Polearms
  2444 | D:3      | Reached skill level 1 in Staves
  2444 | D:3      | Reached skill level 1 in Slings
  2444 | D:3      | Reached skill level 1 in Bows
  2444 | D:3      | Reached skill level 1 in Crossbows
  2444 | D:3      | Reached skill level 1 in Throwing
  2444 | D:3      | Reached skill level 1 in Stealth
  2444 | D:3      | Reached skill level 1 in Shields
  2444 | D:3      | Reached skill level 1 in Unarmed Combat
  2511 | D:3      | Noticed Jessica
  2518 | D:3      | Killed Jessica
  2519 | D:3      | Reached XP level 4. HP: 29/34 MP: 8/8
  3062 | D:4      | Noticed a phantom
  3078 | D:3      | Reached skill level 1 in Conjurations
  3078 | D:3      | Reached skill level 1 in Hexes
  3078 | D:3      | Reached skill level 1 in Summonings
  3078 | D:3      | Reached skill level 1 in Necromancy
  3078 | D:3      | Reached skill level 1 in Translocations
  3078 | D:3      | Reached skill level 1 in Transmutations
  3078 | D:3      | Reached skill level 1 in Fire Magic
  3078 | D:3      | Reached skill level 1 in Air Magic
  3078 | D:3      | Reached skill level 1 in Earth Magic
  3078 | D:3      | Reached skill level 1 in Poison Magic
  3157 | D:4      | Reached XP level 5. HP: 39/40 MP: 9/9
  3417 | D:4      | Killed a phantom
  3418 | D:4      | Reached XP level 6. HP: 24/47 MP: 10/10
  3810 | D:4      | Reached skill level 5 in Maces & Flails
  3810 | D:4      | Reached skill level 5 in Dodging
  4667 | D:5      | Entered Level 5 of the Dungeon
  4694 | D:5      | Reached XP level 7. HP: 40/52 MP: 12/12
  4781 | D:5      | Found a broken altar of Ashenzari.
  4805 | D:5      | Identified 3 scrolls of acquirement
  4808 | D:5      | Acquired the ring of Otissyog {rF+ Str+6 Int+3 Dex+5}
  4816 | D:5      | Found a hide-covered altar of Uskayaw.
  5405 | D:5      | Acquired the amulet "Ezoecsop" {Acrobat rF- Int+7 Dex+6}
  5460 | D:5      | Acquired the +6 tower shield of Compassion {Regen+}
  5678 | D:5      | Reached XP level 8. HP: 60/60 MP: 14/14
  5787 | D:5      | Found a sacrificial altar of Ru.
  6114 | D:6      | Found a shadowy altar of Dithmenos.
  6567 | D:6      | Noticed a shadow
  6594 | D:6      | Slain by a shadow

Illustrated notes

Levels and vault maps discovered:
D:1:      zaba_arrival_water, layout_basic, basic_ecumenical_altar,
          serial_shops, shop
D:2:      layout_basic, serial_shops, shop_fountains, hangedman_decor_lopped,
          kennysheep_generic_room_16, uniq_sigmund
D:3:      layout_loops_cross, uniq_jessica
D:4:      layout_basic, abandoned_shop
D:5:      layout_rooms, amcnicky_altar_gilded, nicolae_overflow_hidden_temple,
          mainiacjoe_overflow_brackets, serial_curves, eino_curves_03,
          eino_curves_04, eino_curves_03, minmay_parallelograms
D:6:      layout_loops_cross, mainiacjoe_overflow_six_doors_small,
          chequers_serial_rivers_small_3

Skill      XL: |  1  2  3  4  5  6  7  8 |
---------------+-------------------------+-----
Invocations    | 1 2 3 |  3.6
Short Blades   | 1 2 3 |  3.3
Long Blades    | 1 2 3 |  3.3
Axes           | 1 2 3 |  3.3
Polearms       | 1 2 3 |  3.3
Staves         | 1 2 3 |  3.3
Slings         | 1 2 3 |  3.3
Bows           | 1 2 3 |  3.3
Crossbows      | 1 2 3 |  3.3
Throwing       | 1 2 3 |  3.3
Stealth        | 1 2 3 |  3.3
Shields        | 1 2 3 |  3.3
Unarmed Combat | 1 2 3 |  3.3
Spellcasting   | 3 4 |  4.4
Conjurations   | 1 2 |  2.7
Hexes          | 1 2 |  2.7
Summonings     | 1 2 |  2.7
Necromancy     | 1 2 |  2.7
Translocations | 1 2 |  2.7
Transmutations | 1 2 |  2.7
Fire Magic     | 1 2 |  2.7
Air Magic      | 1 2 |  2.7
Earth Magic    | 1 2 |  2.7
Poison Magic   | 1 2 |  2.7
Fighting       | 3 4 |  4.2
Armour         | 3 4 |  4.2
Evocations     | 3 4 |  4.2
Ice Magic      | 4 |  4.7
Maces & Flails | 5 |  5.7
Dodging        | 5 |  5.7

Action                   |  1- 3 |  4- 6 |  7- 9 || total
-------------------------+-------+-------+-------++-------
Melee: Mace              |    25 |       |       ||    25
       Dagger            |    91 |   169 |   254 ||   514
       Bite              |     8 |    15 |    49 ||    72
       Punch             |     2 |     3 |     4 ||     9
Throw: Javelin           |       |    13 |     2 ||    15
  Use: Scroll            |       |       |    10 ||    10
 Stab: Sleeping          |     2 |       |       ||     2
Armor: Robe              |    22 |     2 |       ||    24
       Skin              |     1 |       |       ||     1
       Chain mail        |       |   112 |    95 ||   207
Dodge: Dodged            |    95 |    54 |    60 ||   209
Block: Tower shield      |       |       |   205 ||   205
